AoeStats
← Flying-Cucumber

Arena

505998561Analyzed
2v2 RM · 21d ago on Sep 12, 2026· 41m 5s· 4 players
Game mode
Random Map
Map size
Medium (4 player)
Population
200
Speed
Normal
Resources
Standard
Victory
Conquest
Starting age
Dark Age
Ending age
Imperial Age
RankedLock teamsTeams togetherTeam positionsShared explorationLock speedFull tech treeHidden civsTurbo modeCheats
Victory
Defeat
1295
+36
🇲🇽 Huns · Mexico
1269
+17
🇦🇷 Poles · Argentina
1314
-17
🇵🇪 Persians · Peru
1304
-17
Poncho´s S.A. de C.V.
12:57 Feudal Age
17:26 Castle Age
16:30 Scale Mail Armor
16:29 Double-Bit Axe
17:36 Gold Mining
19:45 Chain Mail Armor
23:40 Loom
26:44 Forging
28:23 Bow Saw
29:49 Horse Collar
37:38 Imperial Age
36:33 Wheelbarrow
36:45 Fletching
37:26 Squires
37:58 Elite Fire Lancer
38:10 Capped Ram
39:55 Plate Mail Armor
41:35 Iron Casting
PROFE SIN CLAN
12:13 Feudal Age
14:15 Loom
16:55 Castle Age
15:15 Horse Collar
15:24 Double-Bit Axe
22:26 Bow Saw
23:53 Gold Mining
24:44 Heavy Plow
25:29 Town Watch
26:20 Wheelbarrow
25:50 Scale Mail Armor
27:32 Fletching
28:32 Scale Barding Armor
31:28 Imperial Age
29:35 Chain Mail Armor
29:31 Forging
29:52 Hand Cart
29:37 Town Patrol
29:19 Pikeman
30:00 Squires
29:45 Arson
31:37 Iron Casting
30:59 Bodkin Arrow
31:39 Ballistics
31:47 Halberdier
32:57 Conscription
32:40 Bracer
33:47 Blast Furnace
33:52 Chemistry
36:05 Parthian Tactics
35:54 Thumb Ring
36:29 Heavy Cavalry Archer
38:25 Murder Holes
Flying-Cucumber
11:08 Feudal Age
15:01 Castle Age
13:55 Double-Bit Axe
14:26 Loom
14:36 Horse Collar
17:05 Bow Saw
20:12 Gold Mining
21:35 Heavy Plow
25:18 Scale Barding Armor
27:49 Imperial Age
25:59 Wheelbarrow
26:23 Chain Barding Armor
26:35 Forging
26:48 Bloodlines
28:44 Iron Casting
28:11 Husbandry
28:27 Masonry
27:56 Cavalier
29:21 Crop Rotation
29:05 Szlachta Privileges
29:28 Hand Cart
30:04 Conscription
31:08 Blast Furnace
30:48 Town Watch
31:42 Fletching
32:58 Chemistry
35:37 Scale Mail Armor
38:33 Chain Mail Armor
38:40 Bodkin Arrow
38:32 Arrowslits
40:00 Plate Mail Armor
40:07 Ballistics
40:05 Light Cavalry
41:10 Lechitic Legacy
Rasec
9:47 Feudal Age
14:11 Castle Age
12:31 Double-Bit Axe
12:49 Horse Collar
15:33 Bow Saw
22:53 Gold Mining
24:00 Wheelbarrow
Connection lost

Rejoining the realm…

Still unreachable

The connection could not be restored.

Session expired

The server has moved on; the page needs a fresh start.